 Dungeon Crawl Stone Soup version 0.20-a0-1122-gb7cbeb9 (webtiles) character file.

10959 salapander the Destroyer (level 11, -4/61 HPs)
             Began as a Gargoyle Fire Elementalist on May 12, 2017.
             Was a Believer of Hepliaklqana.
             Shot with an arrow by a centaur (7 damage)
             ... on level 12 of the Dungeon.
             The game lasted 00:23:19 (14515 turns).

salapander the Destroyer (GrFE)                    Turns: 14515, Time: 00:23:20

Health: -4/61      AC: 18    Str: 11      XL:     11   Next: 70%
Magic:  1/14       EV: 11    Int: 19 (20) God:    Hepliaklqana [**....]
Gold:   476        SH:  0    Dex: 10      Spells: 1/14 levels left

rFire    + . .     SeeInvis +   P - +0 lajatang (venom)
rCold    . . .     Gourm    +   (shield currently unavailable)
rNeg     + . .     Faith    .   R - +1 leather armour {rC+}
rPois    ∞         Spirit   .   G - +1 helmet
rElec    +         Reflect  .   p - +2 cloak {MR+}
rCorr    .         Harm     .   a - +0 pair of gloves (curse)
MR       ++...                  e - +0 pair of boots
Stlth    ++........             D - amulet of the gourmand
Regen    0.2/turn               o - ring of fire
MPRegen  0.2/turn               k - ring of see invisible

@: no status effects
A: reduced essence, blink, deterioration 1, magic resistance 1, negative energy
resistance 1, electricity resistance, unbreathing, petrification resistance, rot
immunity, AC +7
a: Blink, Recall Ancestor, Ancestor Identity, Renounce Religion


You were on level 12 of the Dungeon.
You worshipped Hepliaklqana.
Hepliaklqana was pleased with you.
You were full.

You visited 2 branches of the dungeon, and saw 13 of its levels.

You collected 476 gold pieces.

Inventory:

Hand Weapons
 P - a +0 lajatang of venom (weapon)
Armour
 a - a cursed +0 pair of gloves (worn)
 e - a +0 pair of boots (worn)
 p - a +2 cloak of magic resistance (worn)
 y - a +2 pair of gloves
 G - a +1 helmet (worn)
 R - a +1 leather armour of cold resistance (worn)
Jewellery
 k - a ring of see invisible (right hand)
 o - a ring of fire (left hand)
 D - an amulet of the gourmand (around neck)
Wands
 M - a wand of scattershot (5/9)
Scrolls
 f - 5 scrolls of teleportation
 g - 4 scrolls of recharging
 l - a scroll of fog {unknown}
 q - 3 scrolls of fear
 u - a scroll of blinking
 A - 2 scrolls of vulnerability {unknown}
 H - a scroll of enchant armour
 K - a scroll of magic mapping {unknown}
 N - a scroll of amnesia {unknown}
 O - a scroll of enchant weapon {unknown}
Potions
 h - 2 potions of berserk rage
 i - 4 potions of flight
 m - 2 potions of curing
 n - 2 potions of invisibility
 s - a potion of agility {unknown}
 v - a potion of lignification {unknown}
 w - a potion of mutation
 x - 2 potions of brilliance {unknown}
 E - a potion of cancellation {unknown}
 I - 2 potions of ambrosia {unknown}
 J - 3 potions of resistance {unknown}
Books
 b - a book of Flames

   Spells                             Type                      Level
   a - Flame Tongue                   Conjuration/Fire             1
   b - Throw Flame                    Conjuration/Fire             2
   c - Conjure Flame                  Conjuration/Fire             3
   d - Inner Flame                    Hexes/Fire                   3
   e - Sticky Flame                   Conjuration/Fire             4
   f - Fireball                       Conjuration/Fire             5
 F - a book of Cantrips

   Spells                             Type                      Level
   a - Confusing Touch                Hexes                        1
   b - Animate Skeleton               Necromancy                   1
   c - Summon Small Mammal            Summoning                    1
   d - Apportation                    Translocation                1
Comestibles
 c - 10 bread rations
 d - 3 meat rations
 t - 9 fruits
 z - 7 royal jellies


   Skills:
 + Level 8.2 Fighting
 + Level 7.6 Staves
 - Level 1.5 Dodging
 - Level 2.1 Stealth
 - Level 2.0 Spellcasting
 - Level 11.3 Conjurations
 - Level 10.8 Fire Magic


You had one spell level left.
You knew the following spells:

 Your Spells              Type           Power        Failure   Level  Hunger
a - Flame Tongue          Conj/Fire      #####        1%          1    #......
b - Sticky Flame          Conj/Fire      ######..     2%          4    #####..
c - Conjure Flame         Conj/Fire      ######..     1%          3    ###....
f - Fireball              Conj/Fire      ######....   6%          5    ######.


Dungeon Overview and Level Annotations

Branches:
Dungeon (12/15)            Temple (1/1) D:4             Orc (0/2) D:9
   Lair: D:8-11

Altars:
Ashenzari
Cheibriados
Dithmenos
Elyvilon
Fedhas
Gozag
Hepliaklqana
Kikubaaqudgha
Makhleb
Nemelex Xobeh
Okawaru
Qazlal
Ru
Sif Muna
Trog
Uskayaw
Vehumet
Wu Jian
Xom
Yredelemnul
Zin
The Shining One
Lugonu


Innate Abilities, Weirdness & Mutations

You are resistant to torment.
Your stone body is resilient. (AC +7)
You are immune to poison.
You resist negative energy. (rN+)
You are resistant to electric shocks. (rElec)
You can survive without breathing.
You are immune to petrification.
You are immune to rotting.
Your life essence is reduced. (-10% HP)
You can translocate small distances at will.
Your body sometimes deteriorates upon taking damage.
You are resistant to hostile enchantments. (MR+)


Message History

The centaur is severely wounded.
The centaur unwields an uncursed club.
The centaur wields a shortbow.
The centaur shoots an arrow.
The arrow hits you but does no damage.
The centaur shoots an arrow.
The arrow hits you.
* * * LOW HITPOINT WARNING * * *
The centaur shoots an arrow.
The arrow hits you but does no damage.
The centaur shoots an arrow.
The arrow hits you.
* * * LOW HITPOINT WARNING * * *
The centaur shoots an arrow.
The arrow hits you.
* * * LOW HITPOINT WARNING * * *
The centaur shoots an arrow.
The arrow closely misses you.
The centaur shoots an arrow.
The arrow barely misses you.
You see here 3 arrows.
You feel yourself speed up.
The centaur shoots an arrow.
The arrow barely misses you.
The centaur shoots an arrow.
The arrow closely misses you.
The centaur shoots an arrow.
The arrow hits you.
* * * LOW HITPOINT WARNING * * *
The centaur shoots an arrow.
The arrow hits you!
You die...

#####...#####
##...........#
.........c...
.........
#....#.#
#[)(.#.#
#)...#(#
#....#(#
#..†.@.#
###†.((# # ##
#...#†#.#...
...
#.#.[.#.....
...
#.#...c......
....
###.#...###.#..
..... #.......#
.....##.###...#
..............#


You could see 2 centaurs.

Vanquished Creatures
  A hydra (D:11)
  A two-headed ogre (D:11)
  A cyclops (D:10)
  Psyche (D:10)
  A troll (D:12)
  Prince Ribbit (D:9)
  Grinder (D:3)
  A hippogriff (D:11)
  A spriggan (D:9)
  A wraith (D:12)
  Eustachio (D:4)
  3 yaks (D:9)
  A water moccasin (D:6)
  A sky beast (D:7)
  A phantom (D:10)
  An orc warrior (D:10)
  3 ogres
  2 crocodiles
  A centaur (D:11)
  2 big kobolds
  3 bullfrogs
  A scorpion (D:6)
  11 killer bees
  3 wights
  3 howler monkeys
  3 crimson imps
  A centaur zombie (D:5)
  A bullfrog zombie (D:7)
  4 hounds
  2 jellies
  A quasit (D:9)
  7 orc priests
  3 orc wizards
  Ijyb (D:4)
  Terence (D:3)
  Crazy Yiuf (D:2)
  A bullfrog skeleton (D:6)
  7 worker ants
  An iguana (D:6)
  Natasha (thrice) (D:2 D:4)
  A hound skeleton (D:5)
  2 worker ant zombies
  Robin (D:2)
  12 adders
  11 gnolls
  2 shadow imps
  5 adder skeletons
  5 worms
  4 dart slugs
  5 leopard geckos
  37 orcs
  10 bats
  7 giant cockroaches
  7 hobgoblins
  20 jackals
  5 quokkas
  3 ball pythons
  3 frilled lizards
  11 goblins
  17 kobolds
  A leopard gecko skeleton (D:4)
  6 rats
259 creatures vanquished.

Vanquished Creatures (collateral kills)
  A hydra (D:11)
  Erica (D:8)
  A two-headed ogre (D:10)
  An ugly thing (D:11)
  A troll (D:12)
  A hippogriff (D:9)
  A yak (D:9)
  2 centaurs (D:10)
  An ogre (D:10)
  5 killer bees
  4 wights
  3 howler monkeys (D:12)
  A crimson imp (D:9)
  A hound (D:10)
  3 iguanas
  2 worker ants
  An adder (D:8)
  5 orcs
  A goblin (D:3)
  A quokka (D:8)
37 creatures vanquished.

Vanquished Creatures (others)
  2 battlemagi
  5 ancestors
  A kobold (D:8)
8 creatures vanquished.

Grand Total: 304 creatures vanquished

Notes
Turn   | Place    | Note
-------+----------+-------------------------------------------
     0 | D:1      | salapander the Gargoyle Fire Elementalist began the quest for the Orb.
     0 | D:1      | Reached XP level 1. HP: 10/10 MP: 3/3
   292 | D:1      | Reached XP level 2. HP: 11/15 MP: 0/5
   580 | D:1      | Reached skill level 2 in Conjurations
   881 | D:1      | Reached XP level 3. HP: 9/19 MP: 6/6
  1615 | D:2      | Reached skill level 3 in Conjurations
  1615 | D:2      | Reached XP level 4. HP: 14/24 MP: 3/7
  1858 | D:2      | Noticed Natasha
  1865 | D:2      | Killed Natasha
  2157 | D:2      | Noticed Robin
  2169 | D:2      | Killed Robin
  2169 | D:2      | Reached XP level 5. HP: 8/28 MP: 2/8
  2655 | D:2      | Found a faded altar of an unknown god.
  2655 | D:2      | Found a faded altar of an unknown god.
  2660 | D:2      | Found a white marble altar of Elyvilon.
  2662 | D:2      | Found a sparkling altar of Nemelex Xobeh.
  2664 | D:2      | Found an ancient bone altar of Kikubaaqudgha.
  2764 | D:2      | Reached skill level 4 in Conjurations
  2959 | D:2      | Found a runed door.
  3080 | D:2      | Learned a level 4 spell: Sticky Flame
  3084 | D:2      | Learned a level 3 spell: Conjure Flame
  3084 | D:2      | Noticed Crazy Yiuf
  3089 | D:2      | Killed Crazy Yiuf
  3225 | D:3      | Noticed Grinder
  3246 | D:3      | Killed Grinder
  3246 | D:3      | Reached skill level 5 in Conjurations
  3246 | D:3      | Reached skill level 5 in Fire Magic
  3246 | D:3      | Reached XP level 6. HP: 22/32 MP: 0/9
  4008 | D:3      | Reached XP level 7. HP: 35/36 MP: 4/10
  4286 | D:3      | Noticed Terence
  4298 | D:3      | Killed Terence
  4574 | D:4      | Noticed Natasha
  4578 | D:4      | Killed Natasha
  4911 | D:4      | Reached skill level 6 in Conjurations
  5067 | D:4      | Found a staircase to the Ecumenical Temple.
  5133 | D:4      | Noticed Ijyb
  5144 | D:4      | Killed Ijyb
  5163 | D:4      | Noticed Natasha
  5168 | D:4      | Killed Natasha
  5174 | D:4      | Noticed Eustachio
  5347 | D:4      | Killed Eustachio
  5347 | D:4      | Reached XP level 8. HP: 21/41 MP: 3/11
  5740 | D:4      | Reached skill level 7 in Conjurations
  6305 | D:5      | Entered Level 5 of the Dungeon
  7024 | D:5      | Found a basalt altar of Yredelemnul.
  7027 | D:5      | Found a burning altar of Makhleb.
  7030 | D:5      | Found a shattered altar of Ashenzari.
  7033 | D:5      | Found a sacrificial altar of Ru.
  7134 | D:5      | Found an iron altar of Okawaru.
  7139 | D:5      | Found a bloodstained altar of Trog.
  7344 | Temple   | Entered the Ecumenical Temple
  7494 | D:6      | Found a snail-covered altar of Cheibriados.
  7823 | D:6      | Reached skill level 8 in Conjurations
  7906 | D:6      | Found a shimmering altar of Xom.
  7906 | D:6      | Found a shimmering altar of Xom.
  7907 | D:6      | Found a shimmering altar of Xom.
  7908 | D:6      | Found a shimmering altar of Xom.
  7908 | D:6      | Found a shimmering altar of Xom.
  8030 | D:6      | Found a hide-covered altar of Uskayaw.
  8227 | D:6      | Found a shadowy altar of Dithmenos.
  8762 | D:7      | Reached XP level 9. HP: 45/45 MP: 9/12
  8768 | D:7      | Gained mutation: You have large cloven feet. [mutagenic meat]
  8769 | D:7      | Gained mutation: You occasionally shout uncontrollably at your foes. [mutagenic meat]
  8771 | D:7      | Gained mutation: You have hoof-like feet. [mutagenic meat]
  8772 | D:7      | Gained mutation: You are clumsy. (Dex -2) [mutagenic meat]
  8774 | D:7      | Lost mutation: You have hoof-like feet. [potion of mutation]
  8774 | D:7      | Lost mutation: You are clumsy. (Dex -2) [potion of mutation]
  8774 | D:7      | Lost mutation: You occasionally shout uncontrollably at your foes. [potion of mutation]
  8774 | D:7      | Lost mutation: You have large cloven feet. [potion of mutation]
  8774 | D:7      | Gained mutation: Your body sometimes deteriorates upon taking damage. [potion of mutation]
  8774 | D:7      | Gained mutation: You can translocate small distances at will. [potion of mutation]
  8774 | D:7      | Gained mutation: You are resistant to hostile enchantments. (MR+) [potion of mutation]
  8848 | D:7      | Reached skill level 9 in Conjurations
  9520 | D:7      | Found a hazy altar of Hepliaklqana.
  9572 | D:7      | Became a worshipper of Hepliaklqana the Forgotten
 10392 | D:8      | Noticed Erica
 10399 | D:8      | Killed Erica
 10399 | D:8      | Reached skill level 10 in Conjurations
 10399 | D:8      | Reached skill level 10 in Fire Magic
 10676 | D:9      | Reached * piety under Hepliaklqana
 10699 | D:9      | Reached XP level 10. HP: 43/45 MP: 6/13
 10706 | D:9      | Learned a level 5 spell: Fireball
 11259 | D:9      | Found a stormy altar of Qazlal.
 11259 | D:9      | Noticed Prince Ribbit
 11276 | D:9      | Reached skill level 11 in Conjurations
 11276 | D:9      | Killed Prince Ribbit
 11562 | D:9      | Found an ornate altar of the Wu Jian Council.
 11679 | D:9      | Found a staircase to the Orcish Mines.
 11884 | D:9      | Reached skill level 1 in Fighting
 11884 | D:9      | Reached skill level 1 in Staves
 11991 | D:10     | Entered Level 10 of the Dungeon
 11994 | D:10     | Noticed a two-headed ogre
 11994 | D:10     | Noticed a cyclops
 11996 | D:10     | Noticed Psyche
 12144 | D:10     | Killed Psyche
 12148 | D:10     | Killed a cyclops
 12998 | D:10     | Reached ** piety under Hepliaklqana
 12999 | D:10     | Remembered your ancestor Æthelred as a battlemage
 13334 | D:10     | Reached skill level 5 in Fighting
 13444 | D:10     | Killed a two-headed ogre
 13444 | D:10     | Reached skill level 5 in Staves
 13444 | D:10     | Reached XP level 11. HP: 57/57 MP: 7/14
 13871 | D:11     | Noticed a red ugly thing
 13887 | D:11     | Killed a red ugly thing
 14054 | D:11     | Noticed a seven-headed hydra
 14063 | D:11     | Killed a seven-headed hydra
 14075 | D:11     | Noticed a two-headed ogre
 14076 | D:11     | Noticed a seven-headed hydra
 14082 | D:11     | Killed a two-headed ogre
 14085 | D:11     | Killed a seven-headed hydra
 14090 | D:11     | Noticed a two-headed ogre
 14511 | D:12     | HP: 2/61 [centaur/arrow (9)]
 14515 | D:12     | Shot with an arrow by a centaur

Vault maps used:
D:1:      dpeg_arrival_concentric_ovals, kennysheep_small_spiral
D:2:      chequers_temple_overflow_minitemple, first_bread,
          uniq_crazy_yiuf_cottage, uniq_natasha, uniq_robin
D:3:      uniq_grinder, uniq_terence
D:4:      minmay_temple_entry_poolview, grunt_decor_fettered, minmay_cupped,
          uniq_eustachio, uniq_ijyb
D:5:      grunt_temple_overflow_bloody_war, grunt_temple_overflow_cloverleaf
D:6:      nicolae_overflow_crystal_walls, lemuel_round_altar,
          lemuel_crystal_altar, xom_redecorated
D:7:      lemuel_round_altar
D:8:      uniq_erica
D:9:      lemuel_doored_altar, overflow_temple_1_default, the_bakery,
          uniq_prince_ribbit1
D:10:     uniq_psyche
D:11:     grunt_lair_entry_orc_guard_hut, uniq_grum, uniq_nergalle, uniq_maurice
Temple:   corrupted_temple

Skill      XL: |  1  2  3  4  5  6  7  8  9 10 11 |
---------------+----------------------------------+-----
Conjurations   | 2 3 5 6 8 10 11 | 11.3
Fire Magic     | 4 5 6 8 10 | 10.8
Fighting       | 5 8 |  8.2
Staves         | 5 7 |  7.6
Dodging        | |  1.5
Stealth        | |  2.1
Spellcasting   | |  2.0

Action                   |  1- 3 |  4- 6 |  7- 9 | 10-12 || total
-------------------------+-------+-------+-------+-------++-------
Melee: Unarmed           |    31 |       |       |       ||    31
       Hand axe          |    27 |   119 |   390 |    18 ||   554
       Lajatang          |       |       |       |   199 ||   199
 Cast: Flame Tongue      |    25 |    41 |   158 |    79 ||   303
       Sticky Flame      |       |       |     6 |     8 ||    14
       Fireball          |       |       |       |     6 ||     6
       Conjure Flame     |       |       |       |     2 ||     2
Invok: Ancestor Life: Ba |       |       |       |     1 ||     1
  Use: Potion            |       |     2 |     2 |     2 ||     6
       Scroll            |       |       |    10 |     3 ||    13
 Stab: Sleeping          |       |     2 |     4 |     2 ||     8
       Distracted        |       |       |       |     1 ||     1
  Eat: Chunk             |     2 |     9 |    28 |    25 ||    64
Armor: Robe              |    35 |    47 |   288 |   135 ||   505
       Leather armour    |       |       |       |   117 ||   117
Dodge: Dodged            |    57 |    83 |   411 |   278 ||   829
Block: Other             |       |       |    67 |     4 ||    71
       Reflection        |       |       |     1 |       ||     1
